3R
MAINE SEA DOGS @ SHADY SIDE ZOOMIES
09/03/2042
 
TOP OF THE 1ST
Maine Sea Dogs batting - Pitching for Shady Side Zoomies : RHP Gaspard Floris
Pitching: RHP Gaspard Floris
Batting: RHB Phil Hogan 0-0: Called Strike
0-1: Ball
1-1: SINGLE (Line Drive, 78M, EV 88.8 MPH)
Batting: LHB Héctor Ancelno 0-0: Ball
1-0: Foul Ball, location: 2F
1-1: Fly out, F8 (Flyball, 8RM, EV 91.9 MPH)
Batting: SHB Cristóbal Calzacorta 0-0: Ball
1-0: Called Strike
1-1: Foul Ball, location: 2F
1-2: Fly out, F7 (Line Drive, 7D, EV 98.8 MPH)
Batting: RHB Joe Fuller 0-0: Ball
1-0: Called Strike
1-1: Fielders Choice at 2nd, 6-4 (Groundball, 6, EV 92.5 MPH)
Top of the 1st over - 0 runs, 1 hit, 0 errors, 1 left on base; Maine 0 - Shady Side 0
BOTTOM OF THE 1ST
Shady Side Zoomies batting - Pitching for Maine Sea Dogs : RHP Pat Butler
Pitching: RHP Pat Butler
Batting: RHB Kennet Knoppert 0-0: Foul Ball, location: 2F
0-1: Ball
1-1: Foul Ball, location: 2F
1-2: Ball
2-2: Ball
3-2: Strikes out swinging
Batting: SHB Kazuyuki Yagi 0-0: Called Strike
0-1: Ball
1-1: Swinging Strike
1-2: Ball
2-2: Ball
3-2: DOUBLE (Line Drive, 9LS, EV 103.1 MPH)
Batting: LHB Jeremy Payne 0-0: Fly out, F8 (Flyball, 78M, EV 91.9 MPH)
Batting: LHB Martín Flores 0-0: Ball
1-0: Ball
2-0: Ball
3-0: Called Strike
3-1: Called Strike
3-2: Base on Balls
Batting: RHB Jesús Cortéz 0-0: Ball
1-0: Called Strike
1-1: SINGLE (Line Drive, 56D, EV 96.9 MPH)
Kazuyuki Yagi to third
Martín Flores to second
Runner from 3rd tries for Home, SAFE, no throw by LF
Batting: SHB Stanley Good 0-0: Ball
1-0: Called Strike
1-1: Ball
2-1: Ball
3-1: Called Strike
3-2: Strikes out looking
Bottom of the 1st over - 1 run, 2 hits, 0 errors, 2 left on base; Maine 0 - Shady Side 1
TOP OF THE 2ND
Maine Sea Dogs batting - Pitching for Shady Side Zoomies : RHP Gaspard Floris
Batting: SHB José Santos 0-0: Called Strike
0-1: Ball
1-1: SINGLE (Line Drive, 6D, EV 94.4 MPH)
Batting: RHB Yong-oon P'i 0-0: Foul Ball, location: 2F
0-1: Ball
1-1: Ball
2-1: Swinging Strike
2-2: DOUBLE (Groundball, 5L, EV 101.9 MPH)
José Santos to third
Runner from 3rd tries for Home, SAFE, throw by LF to home
Batting: RHB Javier Carrodeguas 0-0: Ball
1-0: Foul Ball, location: 2F
1-1: Foul Ball, location: 2F
1-2: Fly out, F8 (Line Drive, 8LM, EV 104.4 MPH)
Batting: RHB Rutger McGroarty 0-0: Ball
1-0: Foul Ball, location: 5F, Error on foul ball, E5
1-1: Fly out, F8 (Flyball, 8LXD, EV 103.8 MPH)
Runner from 2nd tags up, SAFE at 3rd, no throw by CF
Batting: RHB José Arizandieta 0-0: Ball
1-0: Swinging Strike
1-1: Ball
2-1: Fly out, F9 (Flyball, 89XD, EV 104.4 MPH)
Top of the 2nd over - 1 run, 2 hits, 1 error, 1 left on base; Maine 1 - Shady Side 1
BOTTOM OF THE 2ND
Shady Side Zoomies batting - Pitching for Maine Sea Dogs : RHP Pat Butler
Batting: RHB Roy Howard 0-0: Ball
1-0: Foul Ball, location: 2F
1-1: Bunt for hit to 25 - play at first, batter safe!
Batting: RHB Pedro Marrero 0-0: Ball
1-0: Called Strike
1-1: Ball
2-1: SINGLE (Groundball, 6MD, EV 93.8 MPH)
Roy Howard to second
Runner from 2nd tries for 3rd, SAFE, no throw by CF
Batting: RHB Chad MacLeod 0-0: Grounds into double play, 1-4-3 (Groundball, P, EV 83.8 MPH)
Batting: RHB Kennet Knoppert 0-0: Called Strike
0-1: SINGLE (Line Drive, 7S, EV 93.8 MPH)
Roy Howard scores
Batting: SHB Kazuyuki Yagi 0-0: Ball
1-0: Called Strike
1-1: Fly out, F9 (Flyball, 9S, EV 83.1 MPH)
Bottom of the 2nd over - 1 run, 3 hits, 0 errors, 1 left on base; Maine 1 - Shady Side 2
TOP OF THE 3RD
Maine Sea Dogs batting - Pitching for Shady Side Zoomies : RHP Gaspard Floris
Batting: RHB Phil Hogan 0-0: Foul Ball, location: 2F
0-1: DOUBLE (Line Drive, 89D, EV 108.8 MPH)
Batting: LHB Héctor Ancelno 0-0: Called Strike
0-1: Ball
1-1: Ball
2-1: Foul Ball, location: 2F
2-2: Ball
3-2: Fly out, F8 (Flyball, 8RS, EV 87.5 MPH)
Batting: SHB Cristóbal Calzacorta 0-0: SINGLE (Groundball, 6MS, EV 73.8 MPH) (infield hit)
Phil Hogan to third
Batting: RHB Joe Fuller 0-0: Grounds into double play, 5-4-3 (Groundball, 56S, EV 78.1 MPH)
Top of the 3rd over - 0 runs, 2 hits, 0 errors, 1 left on base; Maine 1 - Shady Side 2
BOTTOM OF THE 3RD
Shady Side Zoomies batting - Pitching for Maine Sea Dogs : RHP Pat Butler
Batting: LHB Jeremy Payne 0-0: Ball
1-0: Ball
2-0: Called Strike
2-1: Ground out U3 (Groundball, 34, EV 78.8 MPH)
Batting: LHB Martín Flores 0-0: Called Strike
0-1: Foul Ball, location: 2F
0-2: Ball
1-2: Ball
2-2: Strikes out swinging
Batting: RHB Jesús Cortéz 0-0: Ball
1-0: Fly out, F6 (Line Drive, 6, EV 70.6 MPH)
Bottom of the 3rd over - 0 runs, 0 hits, 0 errors, 0 left on base; Maine 1 - Shady Side 2
TOP OF THE 4TH
Maine Sea Dogs batting - Pitching for Shady Side Zoomies : RHP Gaspard Floris
Batting: SHB José Santos 0-0: Fly out, F5 (Popup, 5D, EV 65.0 MPH)
Batting: RHB Yong-oon P'i 0-0: Foul Ball, location: 2F
0-1: Foul Ball, location: 2F
0-2: Ball
1-2: Ball
2-2: Foul Ball, location: 2F
2-2: Strikes out looking
Batting: RHB Javier Carrodeguas 0-0: Ball
1-0: Ball
2-0: Swinging Strike
2-1: SINGLE (Groundball, 6MD, EV 104.4 MPH)
Batting: RHB Rutger McGroarty 0-0: Fielders Choice at 2nd, 6-4 (Groundball, 6, EV 98.1 MPH)
Top of the 4th over - 0 runs, 1 hit, 0 errors, 1 left on base; Maine 1 - Shady Side 2
BOTTOM OF THE 4TH
Shady Side Zoomies batting - Pitching for Maine Sea Dogs : RHP Pat Butler
Batting: SHB Stanley Good 0-0: Foul Ball, location: 2F
0-1: Ball
1-1: Ball
2-1: Ball
3-1: Base on Balls
Batting: RHB Roy Howard 0-0: Ball
1-0: TRIPLE (Flyball, 78XD, EV 102.5 MPH)
Stanley Good scores
Batting: RHB Pedro Marrero 0-0: Foul Ball, location: 2F
0-1: Ball
1-1: Ground out 1-3 (Groundball, 13, EV 69.4 MPH)
Batting: RHB Chad MacLeod 0-0: Swinging Strike
0-1: Called Strike
0-2: Ball
1-2: Ball
2-2: Ball
3-2: Ground out U3 (Groundball, 3, EV 108.1 MPH)
Batting: RHB Kennet Knoppert 0-0: Ball
1-0: Ball
2-0: Swinging Strike
2-1: Foul Ball, location: 2F
2-2: Foul Ball, location: 2F
2-2: Foul Ball, location: 2F
2-2: Ball
3-2: Strikes out looking
Bottom of the 4th over - 1 run, 1 hit, 0 errors, 1 left on base; Maine 1 - Shady Side 3
TOP OF THE 5TH
Maine Sea Dogs batting - Pitching for Shady Side Zoomies : RHP Gaspard Floris
Batting: RHB José Arizandieta 0-0: Ball
1-0: Called Strike
1-1: Swinging Strike
1-2: Ball
2-2: Strikes out swinging
Batting: RHB Phil Hogan 0-0: Foul Ball, location: 2F
0-1: Ball
1-1: Fly out, F8 (Flyball, 8LM, EV 88.1 MPH)
Batting: LHB Héctor Ancelno 0-0: Ball
1-0: Ball
2-0: Ball
3-0: Base on Balls
Batting: SHB Cristóbal Calzacorta 0-0: Foul Ball, location: 2F
0-1: Ball
1-1: SINGLE (Flyball, 7S, EV 90.0 MPH)
Héctor Ancelno to second
Batting: RHB Joe Fuller 0-0: Ball
1-0: Called Strike
1-1: DOUBLE (Line Drive, 8LXD, EV 103.8 MPH)
Héctor Ancelno scores
Cristóbal Calzacorta to third
Batting: SHB José Santos 0-0: Called Strike
0-1: Ball
1-1: Fly out, F8 (Flyball, 8RXD, EV 110.0 MPH)
Top of the 5th over - 1 run, 2 hits, 0 errors, 2 left on base; Maine 2 - Shady Side 3
BOTTOM OF THE 5TH
Shady Side Zoomies batting - Pitching for Maine Sea Dogs : RHP Pat Butler
Batting: SHB Kazuyuki Yagi 0-0: Ball
1-0: Swinging Strike
1-1: Ball
2-1: Foul Ball, location: 2F
2-2: Foul Ball, location: 2F
2-2: Strikes out swinging
Pitching: RHP Martín Rivera
Batting: LHB Jeremy Payne 0-0: Ball
1-0: Called Strike
1-1: Swinging Strike
1-2: Ball
2-2: SINGLE (Groundball, 4D, EV 96.9 MPH)
Batting: LHB Martín Flores 0-0: Called Strike
Jeremy Payne steals 2nd base
0-1: Ball
1-1: Ball
2-1: Foul Ball, location: 2F
2-2: Ball
3-2: Base on Balls
Batting: RHB Jesús Cortéz 0-0: Ball
1-0: Called Strike
1-1: Swinging Strike
1-2: Ball
2-2: Ball
3-2: Strikes out swinging
Batting: SHB Stanley Good 0-0: Ground out 4-3 (Groundball, 4MD, EV 101.9 MPH)
Bottom of the 5th over - 0 runs, 1 hit, 0 errors, 2 left on base; Maine 2 - Shady Side 3
TOP OF THE 6TH
Maine Sea Dogs batting - Pitching for Shady Side Zoomies : RHP Gaspard Floris
Batting: RHB Yong-oon P'i 0-0: Ball
1-0: Ball
2-0: Ball
3-0: Called Strike
3-1: Foul Ball, location: 2F
3-2: Foul Ball, location: 2F
3-2: Base on Balls
Pitching: RHP Joonas Noronen
Batting: RHB Javier Carrodeguas 0-0: Called Strike
0-1: Foul Ball, location: 2F
0-2: Foul Ball, location: 2F
0-2: Foul Ball, location: 2F
0-2: SINGLE (Groundball, 34S, EV 88.8 MPH) (infield hit)
Yong-oon P'i to second
Batting: RHB Rutger McGroarty 0-0: Ball
1-0: Fielders Choice at 2nd, 1-6 (Groundball, 34S, EV 66.9 MPH)
Yong-oon P'i to third
Batting: RHB José Arizandieta 0-0: Grounds into double play, 6-4-3 (Groundball, 6, EV 110.0 MPH)
Top of the 6th over - 0 runs, 1 hit, 0 errors, 1 left on base; Maine 2 - Shady Side 3
BOTTOM OF THE 6TH
Shady Side Zoomies batting - Pitching for Maine Sea Dogs : RHP Martín Rivera
Batting: RHB Roy Howard 0-0: Called Strike
0-1: Fly out, F3 (Popup, 3F, EV 71.9 MPH)
Batting: RHB Pedro Marrero 0-0: Ball
1-0: Swinging Strike
1-1: Ball
2-1: Called Strike
2-2: Ball
3-2: Foul Ball, location: 2F
3-2: Strikes out swinging
Batting: RHB Chad MacLeod 0-0: Ball
1-0: Ground out 4-3 (Groundball, 4S, EV 78.1 MPH)
Bottom of the 6th over - 0 runs, 0 hits, 0 errors, 0 left on base; Maine 2 - Shady Side 3
TOP OF THE 7TH
Maine Sea Dogs batting - Pitching for Shady Side Zoomies : RHP Joonas Noronen
Batting: RHB Phil Hogan 0-0: Called Strike
0-1: Foul Ball, location: 2F
0-2: Foul Ball, location: 2F
0-2: Strikes out looking
Batting: LHB Héctor Ancelno 0-0: Ball
1-0: Swinging Strike
1-1: Foul Ball, location: 2F
1-2: Ball
2-2: DOUBLE (Line Drive, 3D, EV 95.0 MPH)
Batting: SHB Cristóbal Calzacorta 0-0: Fly out, F8 (Flyball, 8RM, EV 90.0 MPH)
Batting: RHB Joe Fuller 0-0: Ball
1-0: Ball
2-0: Ball
3-0: Called Strike
3-1: Base on Balls
Batting: SHB José Santos 0-0: Ball
1-0: Called Strike
1-1: Fly out, F7 (Flyball, 7, EV 71.2 MPH)
Top of the 7th over - 0 runs, 1 hit, 0 errors, 2 left on base; Maine 2 - Shady Side 3
BOTTOM OF THE 7TH
Shady Side Zoomies batting - Pitching for Maine Sea Dogs : RHP Martín Rivera
Batting: RHB Kennet Knoppert 0-0: SINGLE (Line Drive, 9LS, EV 96.2 MPH)
Pitching: RHP Cory Black
Batting: SHB Kazuyuki Yagi 0-0: Ball
1-0: Sac Bunt to 3S - play at first, batter OUT! 3-4
Kennet Knoppert to second
Batting: LHB Jeremy Payne 0-0: Ball
1-0: Called Strike
Kennet Knoppert steals 3rd base
1-1: Called Strike
1-2: Ball
2-2: Strikes out looking
Batting: LHB Martín Flores 0-0: Ball
1-0: Ground out 1-3 (Groundball, 15S, EV 63.8 MPH)
Bottom of the 7th over - 0 runs, 1 hit, 0 errors, 1 left on base; Maine 2 - Shady Side 3
TOP OF THE 8TH
Maine Sea Dogs batting - Pitching for Shady Side Zoomies : RHP Joonas Noronen
Pitching: RHP Cisco García
Batting: RHB Yong-oon P'i 0-0: Called Strike
0-1: Ball
1-1: Ball
2-1: Ball
3-1: Base on Balls
Pinch Hitting: LHB Pabiyan Ajiganoff 0-0: Ground out 6-3 (Groundball, 5D, EV 103.8 MPH)
Yong-oon P'i to second
Batting: RHB Rutger McGroarty 0-0: Called Strike
0-1: Called Strike
0-2: Foul Ball, location: 2F
0-2: Foul Ball, location: 2F
0-2: Ball
1-2: Strikes out looking
Batting: RHB José Arizandieta 0-0: Ball
1-0: Fly out, F9 (Line Drive, 9, EV 93.1 MPH)
Top of the 8th over - 0 runs, 0 hits, 0 errors, 1 left on base; Maine 2 - Shady Side 3
BOTTOM OF THE 8TH
Shady Side Zoomies batting - Pitching for Maine Sea Dogs : RHP Cory Black
Now in RF: Michael Weber
Batting: RHB Jesús Cortéz 0-0: Ball
1-0: Called Strike
1-1: Foul Ball, location: 2F
1-2: Ball
2-2: Ball
3-2: Fly out, F8 (Flyball, 78D, EV 101.2 MPH)
Batting: SHB Stanley Good 0-0: Ball
1-0: Foul Ball, location: 2F
1-1: Ground out 4-3 (Groundball, 4, EV 83.8 MPH)
Batting: RHB Roy Howard 0-0: Ball
1-0: Ball
2-0: Ball
3-0: Called Strike
3-1: Ground out 4-3 (Groundball, 4, EV 81.2 MPH)
Bottom of the 8th over - 0 runs, 0 hits, 0 errors, 0 left on base; Maine 2 - Shady Side 3
TOP OF THE 9TH
Maine Sea Dogs batting - Pitching for Shady Side Zoomies : RHP Cisco García
Now at 1B: Steef Janse
Batting: RHB Phil Hogan 0-0: Ball
1-0: Fly out, F9 (Flyball, 9D, EV 86.2 MPH)
Batting: LHB Héctor Ancelno 0-0: Called Strike
0-1: Called Strike
0-2: Ball
1-2: Strikes out swinging
Batting: SHB Cristóbal Calzacorta 0-0: Called Strike
0-1: Swinging Strike
0-2: Ball
1-2: Foul Ball, location: 2F
1-2: Strikes out swinging
Top of the 9th over - 0 runs, 0 hits, 0 errors, 0 left on base; Maine 2 - Shady Side 3
Friday, March 26th, 2021 - OOTP Baseball 20.8 Build 74